Map: Abyssal Reef LE

Players

SamuraiFunn - Winner!

  • Race: Protoss Protoss
  • Spawn Location: 11:00

A.I. 1 (Very Hard)

  • Race: Protoss Protoss
  • Spawn Location: 5:00

VOD

Have the link to the VOD?

Description

Time

  • Played on: Nov. 23, 2017, 4:07 p.m.
  • Length: 8:33
Show
View Real Time Build Order
Export as new Build Order

SamuraiFunn Protoss - Winner!

Build Orders: Dark Templar Rush 

Get SALT Encoding   

  12  0:01  Probe  
  13  0:13  Probe  
  14  0:19  Pylon  
  14  0:25  Probe  
  15  0:37  Probe  
  15  0:38  Assimilator  
  16  0:49  Probe  
  17  0:56  Gateway  
  17  1:01  Probe  
  18  1:14  Probe  
  19  1:21  Assimilator  
  19  1:26  Probe  
  20  1:38  Pylon  
  20  1:41  Probe  
  20  1:46  Cybernetics Core  
  21  1:53  Probe  
  22  2:03  Nexus  
  22  2:05  Probe  
  23  2:17  Probe  
  24  2:23  Adept  
  24  2:25  Warp Gate (Chrono Boost)  
  26  2:30  Twilight Council  
  26  2:35  Assimilator  
  26  2:39  Probe  
  27  2:50  Adept  
  29  2:51  Probe  
  30  3:11  Dark Shrine  
  30  3:14  Gateway  
  30  3:38  Probe x2  
  32  3:47  Gateway  
  32  4:06  Probe x2  
  34  4:14  Gateway  
  34  4:27  Pylon  
  33  4:48  Dark Templar x2  
  37  5:02  Dark Templar  
  37  5:04  Shadow Stride  
  39  5:12  Probe x2  
  41  5:15  Assimilator  
  41  5:22  Dark Templar  
  41  5:24  Probe x2  
  45  5:40  Pylon  
  45  5:53  Pylon  
  45  5:58  Dark Templar x2  
  45  5:59  Dark Templar x2  
  53  6:29  Pylon  
  53  6:55  Dark Templar x4  
Show
View Real Time Build Order
Export as new Build Order

A.I. 1 (Very Hard) Protoss 

Build Orders:  

Get SALT Encoding   

  12  0:00  Probe  
  13  0:13  Probe  
  14  0:20  Pylon  
  14  0:25  Probe  
  15  0:38  Probe  
  16  0:48  Assimilator  
  16  0:50  Probe, Gateway  
  17  1:02  Probe, Pylon  
  18  1:14  Probe  
  19  1:26  Probe  
  20  1:38  Probe  
  20  1:39  Zealot  
  23  1:40  Cybernetics Core  
  23  1:43  Gateway  
  23  1:51  Probe  
  23  1:53  Pylon  
  24  2:03  Probe  
  24  2:06  Zealot  
  27  2:15  Probe  
  28  2:20  Warp Gate  
  28  2:27  Probe  
  28  2:29  Adept  
  31  2:33  Adept  
  31  2:36  Gateway  
  33  2:44  Gateway  
  33  2:57  Probe, Adept  
  35  3:00  Adept  
  35  3:04  Pylon  
  37  3:09  Probe  
  38  3:22  Adept  
  38  3:24  Adept  
  42  3:27  Adept  
  42  3:31  Adept  
  46  3:34  Pylon  
  46  3:45  Twilight Council  
  46  4:04  Pylon  
  46  4:22  Assimilator  
  46  4:42  Templar Archives  
  46  4:44  Zealot  
  48  4:53  Nexus  
  48  5:21  High Templar  
  50  5:24  Stalker  
  52  5:49  High Templar  
  54  5:57  Stalker  
  56  6:04  Zealot  
  56  6:05  Probe x2  
  56  6:07  Zealot  
  56  6:15  Assimilator  
  56  6:17  Probe  
  56  6:18  Probe  
  50  6:21  Robotics Facility, Zealot x2  
  44  6:27  Zealot  
  44  6:29  Probe, Assimilator  
  44  6:30  Probe  
  30  6:41  Probe  
  30  6:42  Probe  
  28  6:47  High Templar  
  28  6:53  Probe  
  14  6:54  Probe  
  14  7:00  Zealot  
  12  7:06  Probe  
  14  7:11  Pylon  
  13  7:18  Probe  
  13  7:22  Pylon  
  13  7:24  Nexus  
Tags
 
Matchup
PvP
Replay Pack
First 100 games
Spawn Locations
Cross Positions
Add a new tag
Caveats
  • Supply blocks, unpowered buildings, or Contaminate may cause inaccurate times.
  • Supply counts are checked every 10 seconds.